cohdb
Replays
Latest Replays
All Replays
Popular Replays
Top Player Replays
Match Explorer
How It Works
Community
CoH3 Stats
Reddit
Sign in to upload your games and track your stats! →
Sign in with Steam
Match 43805304
Unlisted
Match 43805304
Overview
Messages
Build Orders
End
Construct Section Command Post
Selects Heavy Armor Battlegroup
Vickers Machine Gun Team
Dingo Light Scout Car
Infantry Section
Infantry Section
Grenade Package
ML 3-inch Mortar Team
Construct Platoon Command Post
Selects Light Vehicle Withdraw and Refit
Selects UNKNOWN (202330)
CMP 15cwt Truck
Infantry Section
Selects Rigorous Vehicle Training
Construct Company Command Post
6-pounder Anti-tank Gun Team
Crusader AA Medium Tank
Foot Guards Section
Selects Recon Artillery
Matilda II Heavy Tank
Unlock M3 Grant Medium Tanks
Recon Artillery
M3 Grant Medium Tank
Selects Forward Repair Assembly
M3 Grant Medium Tank
Selects Churchill Black Prince Heavy Tank
Churchill Black Prince Heavy Tank
Recon Artillery
Royal Engineer Section
PECANPIE1010
Lilfuture
jota barba 7
Qchan Squeed
AAA karasino
caulk
0
0
Comments
sign in to comment!
No comments posted yet!